 Dungeon Crawl Stone Soup version 0.30.1 (webtiles) character file.

Game seed: 5789373295497313423

142 BreadTh the Insei (level 4, 34/34 HPs)
             Began as a Demigod Transmuter on July 12, 2023.
             Quit the game on level 3 of the Dungeon.
             The game lasted 00:05:08 (2174 turns).

BreadTh the Insei (Demigod Transmuter)              Turns: 2174, Time: 00:05:09

Health: 34/34      AC:  6    Str: 11    XL:     4   Next: 75%
Magic:  9/9        EV: 12    Int: 15    God:
Gold:   59         SH:  0    Dex: 18    Spells: 5/6 levels left

rFire   . .          .
                       - Unarmed
rCold   . . .        (no shield)
rNeg    . . .        p - +2 robe {Will+}
rPois   .            m - +0 helmet
rElec   .            (no cloak)
rCorr   .            e - +0 pair of gloves
SInv    .            (no boots)
Will    +....        (no amulet)
Stlth   ++           (no ring)
HPRegen 0.25/turn    (no ring)
MPRegen 0.11/turn

%: no passive effects
@: no status effects
A: high MP 1, forlorn, divine attributes
a: no special abilities


You were on level 3 of the Dungeon.
You visited 1 branch of the dungeon, and saw 3 of its levels.

You collected 59 gold pieces.

Inventory:

Hand Weapons
 l - a +0 spear
Missiles
 i - 7 stones
Armour
 e - a +0 pair of gloves (worn)
 m - a +0 helmet (worn)
 p - a +2 robe of willpower (worn)
Wands
 o - a wand of light (7)
Scrolls
 f - a scroll of immolation {unknown}
 h - a scroll of enchant armour {unknown}
 n - a scroll of vulnerability {unknown}
Potions
 a - a potion of cancellation {unknown}
 b - a potion of lignification
 c - a potion of magic {unknown}
 d - 2 potions of mutation {unknown}
 g - 2 potions of heal wounds {unknown}
 j - 2 potions of curing {unknown}
 k - a potion of attraction {unknown}
 q - a potion of degeneration {unknown}


   Skills:
 - Level 0.8 Fighting
 + Level 0.7 Armour
 - Level 1.7 Dodging
 + Level 0.4 Stealth
 * Level 5.1 Unarmed Combat
 - Level 1.7 Spellcasting
 - Level 1.7 Transmutations


You had 5 spell levels left.
You knew the following spells:

 Your Spells              Type           Power      Damage    Failure   Level
a - Beastly Appendage     Tmut           12%        N/A       11%         1

Your spell library contained the following spells:

 Spells                   Type           Power      Damage    Failure   Level
 Wereblood                Tmut           6%         N/A       17%         2
 Sandblast                Erth           2%         2d4       22%         1
 Passwall                 Tmut/Erth      2%         N/A       24%         2
 Spider Form              Tmut/Pois      3%         N/A       43%         3
 Stone Arrow              Conj/Erth      2%         3d7       56%         3
 Summon Guardian Golem    Hex/Summ       1%         N/A       56%         3
 Ice Form                 Ice/Tmut       3%         N/A       85%         4
 Orb of Destruction       Conj           0%         9d5       100%        7
 Spellforged Servitor     Conj/Summ      0%         N/A       100%        7


Dungeon Overview and Level Annotations

Branches:
Dungeon (3/15)


Innate Abilities, Weirdness & Mutations

You have an increased reservoir of magic. (+10% MP)
You shall have no god before yourself.
Your divine heritage dramatically boosts your attributes as you level up.


Message History

The gnoll hits you but does no damage.
You hit the gnoll. You claw the gnoll.
The gnoll is almost dead.
Your transformation is almost over.
The gnoll misses you.
You hit the gnoll but do no damage. You claw the gnoll, but do no damage.
The gnoll is almost dead.
The gnoll barely misses you.
You closely miss the gnoll. You claw the gnoll.
You kill the gnoll!
Your Unarmed Combat skill increases to level 5!
A gnoll comes into view. It is wielding a +0 spear.
The gnoll shouts!
The gnoll throws a throwing net.
The throwing net misses you.
Items here: ( ) ††.
The gnoll hits you from afar with a +0 spear.
Your magical contamination has completely faded away.
The gnoll hits you but does no damage.
You hit the gnoll but do no damage. Your kick misses the gnoll.
The gnoll misses you.
You closely miss the gnoll. You claw the gnoll, but do no damage.
You headbutt the gnoll.
The gnoll is heavily wounded.
The gnoll hits you with a +0 spear.
You hit the gnoll but do no damage.
The gnoll is heavily wounded.
The gnoll hits you with a +0 spear.
You hit the gnoll. You claw the gnoll.
You kill the gnoll!
Your horns disappear.
Your talons disappear.
Your +0 helmet unmelds from your body.
Okay, then.
You start resting.
Magic restored.
You start resting.
HP restored.
Are you sure you want to abandon this character and quit the game? (Confirm with "yes".)
Okay, then.
Unknown command.
Are you sure you want to abandon this character and quit the game? (Confirm with "yes".)

#......# #.####.#.
#####.#.#..# #........
...........# #.####...
#.#.#..#####........
#...........<#####..
#######.###.#.##.# #.#
........(........#####.#
#######.#####..........#
#@# ########.... #)#
#...# #.# #...# #.#
#...# #.# #...# #.#
#...# #.# ...## #.# ....
####.


There were no monsters in sight!

Vanquished Creatures
  Jessica (D:2)
  Natasha (twice) (D:2)
  3 gnolls (D:3)
  2 adders (D:3)
  A dart slug (D:1)
  An orc (D:2)
  3 bats
  2 endoplasms
  A goblin (D:1)
  2 kobolds
  2 quokkas (D:1)
  2 ball pythons (D:1)
  A frilled lizard (D:1)
  A rat (D:3)
24 creatures vanquished.

Notes
Turn   | Place    | Note
-------+----------+-------------------------------------------
     0 | D:1      | BreadTh the Demigod Transmuter began the quest for the Orb.
     0 | D:1      | Reached XP level 1. HP: 15/15 MP: 5/5
   118 | D:1      | Reached skill level 3 in Unarmed Combat
   426 | D:1      | Reached XP level 2. HP: 22/22 MP: 5/7
  1300 | D:2      | Noticed Jessica
  1309 | D:2      | Killed Jessica
  1310 | D:2      | Reached XP level 3. HP: 10/27 MP: 6/8
  1540 | D:2      | Reached skill level 4 in Unarmed Combat
  1624 | D:2      | Noticed Natasha
  1630 | D:2      | Killed Natasha
  1952 | D:2      | Noticed Natasha
  1967 | D:2      | Killed Natasha
  1968 | D:2      | Reached XP level 4. HP: 22/34 MP: 9/9
  2149 | D:3      | Reached skill level 5 in Unarmed Combat
  2174 | D:3      | Quit the game

Illustrated notes

Levels and vault maps discovered:
D:1:      ldierk_walled_garden_2, layout_loops_corners, nrook_mini_vaults
D:2:      layout_basic, hellmonk_ecumenical_altar_leap_of_faith, uniq_jessica,
          uniq_natasha
D:3:      layout_loops_ring, uniq_crazy_yiuf_cottage, uniq_sigmund

Skill      XL: |  1  2  3  4 |
---------------+-------------+-----
Unarmed Combat | 3 4 5 |  5.1
Fighting       | |  0.8
Armour         | |  0.7
Dodging        | |  1.7
Stealth        | |  0.4
Spellcasting   | |  1.7
Transmutations | |  1.7

Action                     |  1- 3 |  4- 6 || total
---------------------------+-------+-------++-------
  Melee: Unarmed           |    51 |    21 ||    72
         Kick              |    14 |     8 ||    22
         Headbutt          |    10 |     2 ||    12
   Cast: Beastly Appendage |    18 |     4 ||    22
   Stab: Sleeping          |     1 |       ||     1
 Armour: Robe              |    11 |     5 ||    16
         Ring mail         |     6 |       ||     6
  Dodge: Dodged            |    27 |    10 ||    37
